 Dungeon Crawl Stone Soup version 0.23-a0-164-g7711e572f3 (webtiles) character file.

50 PikkenKukken the Cudgeler (level 3, -2/33 HPs)
             Began as a Minotaur Berserker on Sept 10, 2018.
             Was a Believer of Trog.
             Slain by a centaur (3 damage)
             ... on level 2 of the Dungeon.
             The game lasted 00:01:57 (977 turns).

PikkenKukken the Cudgeler (Minotaur Berserker)       Turns: 977, Time: 00:01:58

Health: -2/33      AC:  5    Str: 22    XL:     3   Next: 55%
Magic:  11/11      EV: 11    Int:  4    God:    Trog [**....]
Gold:   125        SH:  0    Dex:  9    Spells: 2/2 levels left

rFire    . . .     SeeInvis .   a - +1 mace
rCold    . . .     Gourm    .   (no shield)
rNeg     . . .     Faith    .   h - +0 ring mail
rPois    .         Spirit   .   (helmet restricted)
rElec    .         Reflect  .   (no cloak)
rCorr    .         Harm     .   (no gloves)
MR       .....                  (no boots)
Stlth    ..........             (no amulet)
HPRegen  0.11/turn              f - ring of magical power
MPRegen  0.12/turn              (no ring)

@: berserk cooldown, slowed, very slow
A: retaliatory headbutt, horns 2
a: Berserk, Trog's Hand, Renounce Religion


You were on level 2 of the Dungeon.
You worshipped Trog.
Trog was pleased with you.
You were very hungry.

You visited 1 branch of the dungeon, and saw 2 of its levels.

You collected 125 gold pieces.

Inventory:

Hand Weapons
 a - a +1 mace (weapon)
Armour
 h - a +0 ring mail (worn)
Jewellery
 f - a ring of magical power (left hand)
Scrolls
 b - a scroll of teleportation {unknown}
 e - a scroll of blinking
 g - 2 scrolls of identify
Potions
 j - a potion of flight
Comestibles
 c - 2 rations
 i - 7 chunks of flesh


   Skills:
 + Level 4.0 Fighting
 * Level 4.5 Maces & Flails
 + Level 3.1 Armour
 + Level 2.7 Dodging


You had 2 spell levels left.
You didn't know any spells.
Your spell library was empty.

Dungeon Overview and Level Annotations

Branches:
Dungeon (2/15)

Altars:
Xom


Innate Abilities, Weirdness & Mutations

You reflexively headbutt those who attack you in melee.
You have a pair of horns on your head.


Message History

* * * LOW HITPOINT WARNING * * *
You feel a strong urge to attack something.
A rat comes into view.
The centaur shoots an arrow.
The arrow hits you.
* * * LOW HITPOINT WARNING * * *
You see here 2 arrows.
You feel your anger nearly subside.
The centaur unwields an uncursed shortbow.
The centaur hits you.
* * * LOW HITPOINT WARNING * * *
You sock the centaur!
The centaur is heavily wounded.
The centaur hits you.
* * * LOW HITPOINT WARNING * * *
You closely miss the centaur.
The centaur is heavily wounded.
You are no longer berserk.
You are exhausted.
You feel yourself slow down. The centaur hits you.
You die...

......#... #..##.
......#..######^##.
#...........# ##≈≈.
#####...........#####.#
#...#[..........##.####
#...#......)....##.####
#...#######.##..##.#...
#...#######.###.##.#...
#..grc@(.(.(# #..#.#...
#.?.############.#.#...
#... ..............
#... ########..#^..
.g... #..#... ....c.
#..#... ....... #.(#...
....... ##>#... ###...


You could see a centaur, a goblin and a rat.

Vanquished Creatures
  An adder (D:2)
  An ooze (D:2)
  A dart slug (D:1)
  A leopard gecko (D:2)
  3 bats
  5 giant cockroaches
  3 goblins
  2 hobgoblins (D:1)
  2 jackals (D:1)
  6 kobolds
  A frilled lizard (D:1)
  8 rats
34 creatures vanquished.

Notes
Turn   | Place    | Note
-------+----------+-------------------------------------------
     0 | D:1      | PikkenKukken the Minotaur Berserker began the quest for the
                  | Orb.
     0 | D:1      | Reached XP level 1. HP: 19/19 MP: 0/0
    68 | D:1      | Reached XP level 2. HP: 27/27 MP: 1/1
   771 | D:2      | Reached ** piety under Trog
   771 | D:2      | Reached XP level 3. HP: 33/33 MP: 2/2
   895 | D:2      | Found a shimmering altar of Xom.
   966 | D:2      | Noticed a centaur
   975 | D:2      | HP: 2/49 [centaur (6)]
   977 | D:2      | Slain by a centaur

Vault maps used:
D:1:      minmay_arrival_cross
D:2:      tgw_xom, first_ration

Skill      XL: |  1  2  3 |
---------------+----------+-----
Maces & Flails | 4 |  4.5
Fighting       | 4 |  4.0
Armour         | 3 |  3.1
Dodging        | |  2.7

Action                   || total
-------------------------++-------
Melee: Mace              ||    64
       Headbutt          ||     7
Invok: Berserk           ||     2
  Use: Scroll            ||     4
  Eat: Chunk             ||     1
Armor: Animal skin       ||     8
       Ring mail         ||    10
Dodge: Dodged            ||    37

Table legend:
 A = Non-vault XP
 B = Vault XP
 C = Vault XP percentage of total XP
 D = Non-vault monster count
 E = Vault monster count
 F = Vault count percentage of total count
                 A         B        C        D         E       F
            +---------+---------+-------+---------+---------+-------
      Total |      52 |      20 |  27.8 |      28 |       6 |  17.6
            +---------+---------+-------+---------+---------+-------
        D:1 |      38 |       0 |   0.0 |      23 |       0 |   0.0
        D:2 |      14 |      20 |  58.8 |       5 |       6 |  54.5
            +---------+---------+-------+---------+---------+-------
